 Dungeon Crawl Stone Soup version 0.22.1-2-g9c5b331383 (webtiles) character file.

163 Jerry the Covered (level 5, -2/36 HPs)
             Began as a Halfling Fighter on Nov 30, 2018.
             Slain by Grinder (6 damage)
             ... on level 4 of the Dungeon.
             The game lasted 00:03:25 (2113 turns).

Jerry the Covered (Halfling Fighter)                Turns: 2113, Time: 00:03:26

Health: -2/36      AC:  7    Str: 18    XL:     5   Next: 73%
Magic:  5/5        EV: 13    Int:  6    God:
Gold:   79         SH:  0    Dex: 14    Spells: 4/4 levels left

rFire    . . .     SeeInvis .   a - +0 war axe
rCold    . . .     Gourm    .   (shield restricted)
rNeg     . . .     Faith    .   b - +0 scale mail
rPois    .         Spirit   .   (no helmet)
rElec    .         Reflect  .   (no cloak)
rCorr    .         Harm     .   (no gloves)
MR       .....                  (no boots)
Stlth    ..........             (no amulet)
HPRegen  0.12/turn              (no ring)
MPRegen  0.09/turn              (no ring)

@: hasted, very quick
A: small, mutation resistance 1
a: no special abilities


You were on level 4 of the Dungeon.
You were not hungry.

You visited 1 branch of the dungeon, and saw 4 of its levels.

You collected 79 gold pieces.

Inventory:

Hand Weapons
 a - a +0 war axe (weapon)
Armour
 b - a +0 scale mail (worn)
Wands
 d - a wand of digging (17)
 p - a wand of disintegration (13)
Scrolls
 c - 4 scrolls of teleportation {unknown}
 i - a scroll of noise {unknown}
 j - 3 scrolls of remove curse {unknown}
 m - a scroll of identify {unknown}
 o - 2 scrolls of magic mapping {unknown}
 q - 2 scrolls of enchant armour {unknown}
Potions
 e - a potion of resistance {unknown}
 g - a potion of brilliance {unknown}
 k - 2 potions of magic {unknown}
 l - a potion of ambrosia {unknown}
Comestibles
 f - 12 rations
 r - 3 chunks of flesh


   Skills:
 + Level 3.3 Fighting
 * Level 3.7 Axes
 + Level 4.1 Armour
 + Level 2.2 Dodging
   Level 3.2 Shields


You had 4 spell levels left.
You didn't know any spells.
Your spell library was empty.

Dungeon Overview and Level Annotations

Branches:
Dungeon (4/15)
 Temple: D:4-7

Altars:
Makhleb

Annotations:
D:4 Grinder


Innate Abilities, Weirdness & Mutations

You are small and have problems with some larger weapons.
You are somewhat resistant to further mutation.


Message History

Grinder blinks!
You are too injured to fight recklessly!
Grinder gestures at you.
You barely resist.
A jackal comes into view.
The jackal barks!
You hear a bark! x2
Grinder hits you but does no damage.
You closely miss Grinder.
Grinder is heavily wounded.
Grinder blinks!
You closely miss the jackal. The jackal bites you.
* * * LOW HITPOINT WARNING * * *
You hit the jackal.
The jackal is lightly wounded.
The jackal closely misses you.
You barely miss Grinder.
Grinder is moderately wounded.
You barely miss the jackal. Grinder hits you but does no damage.
The jackal barely misses you. Grinder hits you.
You die...

## ########### ..#
#......##.# ...#
########.........##...#
.....................#
......>..............
#.#.#......#..##.#. .
#.#.....h@..##.....#....
#.......5....)..........
######.##(..............
#######.##............###
#.......#####....#.#..#
#..........##.##.#.##.#
#.......##.#.....#.# .#
#.......##.#####.#.# .
#..........# #.#.# .


You could see Grinder and a jackal.

Vanquished Creatures
  Blork the orc (D:4)
  A centaur skeleton (D:4)
  An adder (D:2)
  A worm (D:3)
  2 leopard geckos
  An orc (D:4)
  A ball python (D:1)
  4 bats
  2 giant cockroaches
  7 goblins
  7 hobgoblins
  2 quokkas (D:2)
  14 kobolds
  8 rats
52 creatures vanquished.

Notes
Turn   | Place    | Note
-------+----------+-------------------------------------------
     0 | D:1      | Jerry the Halfling Fighter began the quest for the Orb.
     0 | D:1      | Reached XP level 1. HP: 15/15 MP: 1/1
   139 | D:1      | Reached XP level 2. HP: 20/20 MP: 2/2
   374 | D:1      | Reached XP level 3. HP: 24/25 MP: 3/3
   393 | D:1      | Reached skill level 1 in Dodging
   827 | D:2      | Found a burning altar of Makhleb.
   827 | D:2      | Noticed a blizzard demon
   912 | D:2      | Reached XP level 4. HP: 25/31 MP: 4/4
  1104 | D:2      | Found a burning altar of Makhleb.
  2011 | D:4      | Noticed Blork the orc
  2024 | D:4      | Killed Blork the orc
  2024 | D:4      | Reached skill level 4 in Armour
  2024 | D:4      | Reached XP level 5. HP: 24/36 MP: 5/5
  2089 | D:4      | Noticed Grinder
  2113 | D:4      | Slain by Grinder

Skill      XL: |  1  2  3  4 |
---------------+-------------+-----
Dodging        | 1 2 |  2.2
Fighting       | 3 |  3.3
Axes           | 3 |  3.7
Armour         | 4 |  4.1
Shields        | |  3.2

Action                   |  1- 3 |  4- 6 || total
-------------------------+-------+-------++-------
Melee: War axe           |    86 |    65 ||   151
Throw: Throwing net      |       |     1 ||     1
  Use: Potion            |       |     2 ||     2
  Eat: Chunk             |       |     4 ||     4
Armor: Scale mail        |    45 |    24 ||    69
Dodge: Dodged            |    84 |    50 ||   134
